Map: Old Sun Temple LE

Players

JIJIAN

  • Race: Zerg Zerg
  • League: Master
  • Spawn Location: 5:00

RipNHammer - Winner!

  • Race: Terran Terran
  • League: Master
  • Spawn Location: 11:00

VOD

Have the link to the VOD?

Description

Time

  • Played on: Sept. 7, 2026, 6:10 p.m.
  • Length: 10:44
Show
View Real Time Build Order
Export as new Build Order

JIJIAN Zerg 

Build Orders: Hatch First 

Get SALT Encoding   

  8  0:00  Drone  
  9  0:11  Drone  
  10  0:17  Drone  
  11  0:22  Drone  
  12  0:33  Overlord  
  12  0:41  Extractor, Drone  
  13  0:52  Drone x2  
  15  1:01  Drone  
  16  1:20  Hatchery, Drone  
  16  1:25  Drone  
  17  1:33  Drone  
  17  1:38  Extractor  
  17  1:41  Drone  
  18  1:52  Drone, Spawning Pool  
  18  2:01  Drone  
  19  2:12  Overlord  
  19  2:22  Drone  
  20  2:30  Drone  
  20  2:31  Drone  
  22  2:39  Queen x2  
  22  2:41  Drone  
  22  2:43  Drone  
  28  2:51  Roach Warren  
  27  2:54  Drone  
  27  2:57  Drone  
  29  3:01  Drone  
  29  3:03  Drone  
  31  3:10  Drone  
  31  3:12  Overlord  
  32  3:16  Metabolic Boost  
  32  3:21  Drone  
  32  3:31  Overlord  
  32  3:43  Hatchery  
  32  3:48  Roach x3  
  36  3:54  Roach x2  
  39  3:59  Roach  
  40  4:03  Roach  
  40  4:05  Roach  
  44  4:12  Roach  
  46  4:17  Roach  
  46  4:20  Overlord  
  48  4:24  Overlord  
  48  4:35  Overlord  
  48  4:36  Overlord  
  46  4:54  Zergling x2  
  46  4:55  Zergling x14  
  50  5:10  Roach x2  
  50  5:12  Zergling x2  
  55  5:22  Roach  
  55  5:23  Roach x3  
  51  5:39  Zergling x12  
  51  5:41  Ravager  
  46  5:52  Drone x5  
  46  5:56  Drone  
  50  6:00  Drone  
  50  6:03  Drone x2  
  53  6:06  Drone  
  54  6:12  Drone  
  54  6:13  Drone x2  
  56  6:18  Drone x2  
  56  6:21  Spore Crawler  
  56  6:24  Drone  
  56  6:25  Drone  
  59  6:31  Drone  
  59  6:32  Drone x2  
  62  6:33  Drone  
  57  6:47  Drone x7  
  57  6:48  Drone x2  
  57  6:51  Spore Crawler  
  65  6:57  Spore Crawler  
  65  7:00  Queen  
  62  7:07  Queen  
  66  7:10  Lair  
  66  7:14  Drone x2  
  56  7:44  Queen x2  
  56  7:47  Drone  
  56  7:48  Drone x4  
  64  7:53  Drone x4  
  67  8:04  Drone  
  68  8:10  Drone  
  67  8:14  Drone x2  
  68  8:28  Hatchery  
  68  8:30  Zergling x2  
  68  8:32  Overlord x4  
  68  8:33  Overlord  
  68  8:37  Overlord x3  
  68  8:44  Extractor  
  68  8:45  Extractor  
  64  8:51  Drone x3  
  64  8:52  Spire  
  64  8:53  Drone x3  
  66  8:58  Roach x4  
  66  9:01  Roach  
  76  9:03  Roach x3  
  82  9:12  Overseer  
  82  9:16  Roach x5  
  86  9:21  Drone x2  
  79  9:27  Drone x4  
  83  9:37  Drone x8  
  91  9:42  Drone x3  
  94  9:46  Overlord  
  94  9:51  Evolution Chamber  
  93  9:53  Evolution Chamber  
  93  9:55  Drone x6  
  95  10:07  Drone x4  
  89  10:08  Drone x5  
  95  10:15  Drone x2  
  95  10:20  Extractor  
  95  10:21  Extractor  
  95  10:25  Drone x7  
  103  10:28  Drone  
Show
View Real Time Build Order
Export as new Build Order

RipNHammer Terran - Winner!

Build Orders: Reaper Expand, Mech 

Get SALT Encoding   

  8  0:00  SCV  
  9  0:12  SCV  
  10  0:24  SCV  
  11  0:37  SCV  
  11  0:40  Supply Depot  
  12  0:49  SCV  
  13  0:53  Refinery  
  13  1:02  SCV  
  14  1:06  Barracks  
  14  1:14  SCV  
  15  1:28  SCV  
  16  1:40  SCV  
  17  1:53  Reaper, Orbital Command  
  18  2:08  Command Center  
  18  2:19  SCV  
  19  2:25  Factory  
  19  2:33  SCV  
  19  2:34  Barracks Reactor  
  20  2:38  Refinery  
  20  2:43  Supply Depot  
  20  2:47  SCV  
  21  3:05  SCV  
  22  3:11  Starport  
  22  3:17  SCV  
  23  3:22  Hellion x2  
  23  3:25  Orbital Command  
  27  3:33  SCV  
  28  3:45  Hellion x2, SCV  
  33  3:51  Viking  
  33  3:52  SCV  
  36  4:03  SCV  
  36  4:05  SCV  
  36  4:07  Barracks Tech Lab  
  38  4:14  Supply Depot  
  38  4:15  SCV  
  38  4:17  SCV  
  40  4:27  SCV  
  41  4:36  Widow Mine x2  
  45  4:40  Banshee, Cloaking Field  
  45  4:41  Supply Depot  
  45  4:43  Supply Depot  
  45  4:57  SCV x2  
  47  5:10  Widow Mine x2, Marine  
  49  5:23  SCV x2, Banshee  
  54  5:31  Widow Mine  
  52  5:52  SCV  
  52  5:53  SCV  
  52  6:06  Hellion x2, Refinery  
  52  6:08  Refinery  
  52  6:27  Hellion x2  
  56  6:34  Command Center, Supply Depot x2  
  56  6:39  SCV  
  57  6:45  SCV  
  58  6:51  SCV  
  59  6:57  SCV  
  59  7:01  Factory  
  60  7:03  SCV  
  60  7:07  Factory  
  61  7:09  SCV  
  62  7:16  SCV  
  62  7:21  SCV  
  64  7:26  Hellion x2  
  64  7:28  SCV  
  69  7:34  SCV  
  70  7:38  Factory  
  70  7:40  SCV  
  68  7:45  Factory Tech Lab  
  68  7:46  SCV  
  69  7:52  SCV  
  69  7:55  Hellion x2, Siege Tank  
  69  7:58  SCV  
  79  7:59  Orbital Command  
  79  8:02  Factory, Mag-Field Accelerator  
  79  8:04  SCV  
  79  8:06  Siege Tank  
  79  8:10  SCV  
  83  8:16  SCV  
  83  8:17  Hellion x2  
  88  8:22  SCV  
  90  8:27  Factory Tech Lab  
  90  8:28  SCV  
  90  8:29  Orbital Command, Cyclone  
  93  8:34  SCV  
  93  8:40  Supply Depot  
  93  8:41  Engineering Bay  
  94  8:46  Infernal Pre-Igniter  
  94  8:56  Factory Tech Lab  
  94  8:57  SCV  
  94  9:00  Supply Depot x2, Cyclone x2  
  101  9:05  Cyclone  
  101  9:08  Armory  
  101  9:09  Supply Depot  
  104  9:11  SCV x2  
  104  9:16  Refinery  
  109  9:17  Cyclone, Hellion  
  109  9:19  Hellion  
  109  9:20  Refinery  
  109  9:32  Supply Depot x3  
  109  9:33  Siege Tank  
  109  9:37  Cyclone, Siege Tank  
  118  9:39  SCV x2  
  120  9:50  Cyclone  
  120  9:57  SCV  
  121  10:05  Siege Tank  
  118  10:09  Cyclone  
  122  10:14  Hellion, Widow Mine  
  122  10:21  SCV  
  123  10:22  Hellion, Armory  
  123  10:25  Supply Depot  
  123  10:26  SCV x2  
  127  10:28  Missile Turret  
Tags
 
Composition
Mech
Matchup
TvZ
Replay Pack
RipNHammer
Spawn Locations
Cross Positions
Add a new tag
Caveats
  • Supply blocks, unpowered buildings, or Contaminate may cause inaccurate times.
  • Supply counts are checked every 10 seconds.